 Dungeon Crawl Stone Soup version 0.32-a0-799-g95e1662365 (webtiles) character file.

Game seed: 7781732673661499910

1318 garrulousMonolith the Chopper (level 8, -8/69 HPs)
             Began as a Mountain Dwarf Fighter on Mar 21, 2024.
             Was an Initiate of Beogh.
             Killed from afar by an acid dragon (23 damage)
             ... with a splash of acid
             ... on level 6 of the Dungeon.
             The game lasted 00:06:22 (5476 turns).

garrulousMonolith the Chopper (MDFi)                Turns: 5476, Time: 00:06:23

Health: -8/69      AC:  8    Str: 19    XL:     8   Next: 33%
Magic:  11/11      EV:  4    Int:  9    God:    Beogh [......]
Gold:   289        SH:  5    Dex: 11    Spells: 7/7 levels left

rFire   . . .        i - +2 short sword (elec)
rCold   . . .        c - +0 buckler
rNeg    . . .        j - +0 plate armour
rPois   .            (no helmet)
rElec   .            (no cloak)
rCorr   .            (no gloves)
SInv    .            (no boots)
Will    .....        g - amulet of faith Stlth
                     (no ring)
HPRegen 0.31/turn    (no ring)
MPRegen 0.12/turn

%: faith
@: corroded
A: runic magic, artefact enchanting
a: Renounce Religion


You were on level 6 of the Dungeon.
You worshipped Beogh.
Beogh was noncommittal.
You visited 2 branches of the dungeon, and saw 7 of its levels.

You collected 289 gold pieces.

Inventory:

Hand Weapons
 a - a +0 war axe
 i - a +2 short sword of electrocution (weapon)
Armour
 b - a +0 scale mail
 c - a +0 buckler (worn)
 j - a +0 plate armour (worn)
Jewellery
 g - an amulet of faith (around neck)
 s - a ring of ice
Scrolls
 h - a scroll of blinking
 k - 2 scrolls of enchant weapon
 l - 2 scrolls of revelation {unknown}
 m - 3 scrolls of teleportation
 t - a scroll of identify
 u - a scroll of fog {unknown}
 v - a scroll of enchant armour {unknown}
Potions
 d - a potion of might
 e - 2 potions of degeneration {unknown}
 f - 3 potions of mutation
 n - 2 potions of brilliance
 o - a potion of curing
 p - 2 potions of heal wounds {unknown}
 q - a potion of enlightenment {unknown}
 r - a potion of ambrosia {unknown}


   Skills:
 + Level 5.6 Fighting
 * Level 7.5 Axes
 + Level 5.5 Armour
 + Level 5.4 Shields
 + Level 5.0 Invocations


You had 7 spell levels left.
You didn't know any spells.
Your spell library contained the following spells:

 Spells                   Type           Power      Damage    Failure   Level
 Kiss of Death            Conj/Necr      0%         2d5       75%         1
 Summon Small Mammal      Summ           0%         N/A       75%         1
 Jinxbite                 Hex            0%         N/A       86%         2
 Call Canine Familiar     Summ           0%         N/A       98%         3
 Confusing Touch          Hex            0%         N/A       98%         3
 Dispel Undead            Necr           0%         3d6       100%        4
 Summon Blazeheart Golem  Fire/Summ      0%         N/A       100%        4
 Yara's Violent Unravell  Hex/Alch       0%         3d3       100%        5
 Enfeeble                 Hex            0%         N/A       100%        7


Dungeon Overview and Level Annotations

Branches:
Dungeon (6/15)             Temple (1/1) D:4

Altars:
Ashenzari
Elyvilon
Fedhas
Gozag
Hepliaklqana
Kikubaaqudgha
Makhleb
Nemelex Xobeh
Qazlal
Ru
Sif Muna
Trog
Uskayaw
Wu Jian
Yredelemnul
Zin
The Shining One

Shops:
D:5 =

Annotations:
D:4 3 runed translucent doors, DeathSocks's ghost, amateur VSDe
D:5 Prince Ribbit


Innate Abilities, Weirdness & Mutations

Your spellcasting is much less encumbered by armour.
You can use scrolls of enchantment on lesser artefacts.


Message History

The acid dragon bites you! The acid dragon claws you.
You hit the acid dragon.
The acid dragon is heavily wounded.
The acid dragon spits acid at you. The splash of acid hits you!!
The acid corrodes you!
You hear a shout! x2
You are too injured to fight recklessly!
You are too injured to fight recklessly!
You are too injured to fight recklessly!
You are too injured to fight recklessly!
You are too injured to fight recklessly!
You are too injured to fight recklessly!
You are too injured to fight recklessly!
You are too injured to fight recklessly!
You are too injured to fight recklessly!
You are too injured to fight recklessly!
You are too injured to fight recklessly!
You hit the acid dragon but do no damage.
The acid dragon is heavily wounded.
The acid dragon bites you.
The acid dragon claws you but does no damage.
You closely miss the acid dragon.
The acid dragon is heavily wounded.
The acid dragon barely misses you. The acid dragon claws you.
You hit the acid dragon but do no damage.
Lightning courses through the acid dragon!
The acid dragon is almost dead.
The acid dragon spits acid at you. The splash of acid hits you!
* * * LOW HITPOINT WARNING * * *
You hear a shout! x3
You hit the acid dragon but do no damage.
The acid dragon is almost dead.
You block the acid dragon's attack. The acid dragon claws you.
* * * LOW HITPOINT WARNING * * *
You hit the acid dragon but do no damage.
The acid dragon is almost dead.
The acid dragon spits acid at you. The splash of acid hits you!!
You die...

##(..####....# #./..#
...#.###..#..# ......
.#....#..###..#.$#.#
.##....#######.....#
.............###..#
.<.........#......######
...........###..........
...........# #..........
#######....# #..@.......
###### #...D......
####....... ....$..
....... ....... .......
.......


You could see an acid dragon (catching breath).

Vanquished Creatures
  Eustachio (D:5)
  Menkaure (D:6)
  A black bear (D:6)
  2 phantoms (D:5)
  Blork the orc (D:5)
  4 howler monkeys
  A jelly (D:5)
  A bombardier beetle (D:5)
  4 hounds
  2 sleepcaps
  3 iguanas
  2 orc wizards (D:3)
  A scorpion zombie (D:4)
  A howler monkey zombie (D:4)
  4 gnolls
  9 adders
  5 orcs
  12 ball pythons
  6 bats
  9 endoplasms
  5 giant cockroaches
  7 goblins
  9 hobgoblins
  7 jackals
  8 kobolds
  3 quokkas (D:1)
  2 frilled lizards
  6 rats
117 creatures vanquished.

Vanquished Creatures (others)
  An orc (D:5)
  An endoplasm (D:3)
2 creatures vanquished.

Grand Total: 119 creatures vanquished

Notes
Turn   | Place    | Note
-------+----------+-------------------------------------------
     0 | D:1      | garrulousMonolith the Mountain Dwarf Fighter began the
                  | quest for the Orb.
     0 | D:1      | Reached XP level 1. HP: 19/19 MP: 1/1
   158 | D:1      | Reached XP level 2. HP: 24/26 MP: 2/2
   258 | D:1      | Reached skill level 3 in Axes
   299 | D:1      | Reached skill level 1 in Invocations
   412 | D:1      | Reached XP level 3. HP: 23/31 MP: 3/3
   846 | D:2      | You fall into a shaft and drop 1 floor!
  1288 | D:2      | Reached XP level 4. HP: 30/40 MP: 5/5
  1718 | D:3      | Found a stormy altar of Qazlal.
  1739 | D:3      | Reached skill level 4 in Axes
  1740 | D:3      | Found a sacrificial altar of Ru.
  1866 | D:3      | Found an ancient bone altar of Kikubaaqudgha.
  1921 | D:3      | Reached XP level 5. HP: 29/46 MP: 6/6
  2834 | D:4      | Found a staircase to the Ecumenical Temple.
  2853 | Temple   | Entered the Ecumenical Temple
  2942 | D:4      | Reached skill level 5 in Axes
  2942 | D:4      | Reached XP level 6. HP: 32/53 MP: 8/8
  3073 | D:4      | Found a runed translucent gate.
  3073 | D:4      | Found a runed translucent gate.
  3073 | D:4      | Found a runed translucent gate.
  3073 | D:4      | Noticed DeathSocks's ghost (amateur VSDe)
  3132 | D:4      | Found a basalt altar of Yredelemnul.
  3840 | D:5      | Entered Level 5 of the Dungeon
  3840 | D:5      | Noticed Eustachio
  3860 | D:5      | Killed Eustachio
  3861 | D:5      | Reached skill level 6 in Axes
  3861 | D:5      | Reached XP level 7. HP: 37/60 MP: 9/9
  3943 | D:5      | Found a burning altar of Makhleb.
  4046 | D:5      | Reached skill level 5 in Fighting
  4203 | D:5      | Reached skill level 5 in Armour
  4236 | D:5      | Reached skill level 5 in Shields
  4243 | D:5      | Found a blossoming altar of Fedhas.
  4288 | D:5      | Became a worshipper of Beogh the Shepherd
  4347 | D:5      | Noticed Blork the orc
  4367 | D:5      | Killed Blork the orc
  4368 | D:5      | Reached skill level 7 in Axes
  4368 | D:5      | Reached XP level 8. HP: 33/68 MP: 11/11
  4736 | D:5      | Found Rilyfrom's Jewellery Emporium.
  4753 | D:5      | Noticed Prince Ribbit
  4765 | D:5      | HP: 3/68 [Prince Ribbit (4)]
  5212 | D:6      | Noticed Menkaure
  5220 | D:6      | Killed Menkaure
  5410 | D:6      | Reached skill level 5 in Invocations
  5476 | D:6      | Killed from afar by an acid dragon

Illustrated notes

Levels and vault maps discovered:
D:1:      nicolae_arrival_washed_ashore, layout_basic, st_stairs_9,
          minmay_pentomino_u4
D:2:      layout_loops_ring, kennysheep_cross_bottleneck, minmay_cut_off
D:3:      layout_basic, nicolae_qazlal_eye_of_the_storm,
          mainiacjoe_overflow_cross_hatched, kiku_gazebo_garden_becter
D:4:      layout_gridville, nicolae_yredelemnul_ghost_church,
          minmay_temple_entry_drinking_statues
D:5:      layout_basic, lemuel_coloured_pillars_altar,
          mainiacjoe_overflow_tiny_flanked, serial_shops,
          nicolae_shop_tiny_real_fake_doors, chequers_serial_rivers_micro_e,
          uniq_eustachio, uniq_prince_ribbit1, uniq_blork_the_orc
D:6:      hellmonk_destroyed_diamonds, layout_basic, uniq_duvessa, uniq_menkaure
Temple:   nicolae_temple_bog_church

Skill      XL: |  1  2  3  4  5  6  7  8 |
---------------+-------------------------+-----
Axes           | 3 4 5 6 7 |  7.5
Invocations    | 1 2 3 4 5 |  5.0
Fighting       | 4 5 |  5.6
Shields        | 4 5 |  5.4
Armour         | 4 5 |  5.5

Action                     |  1- 3 |  4- 6 |  7- 9 || total
---------------------------+-------+-------+-------++-------
  Melee: War axe           |    66 |       |       ||    66
         Short sword       |    85 |   183 |   115 ||   383
 Invoke: Convert to Beogh  |       |       |     1 ||     1
    Use: Scroll            |     1 |     5 |     1 ||     7
         Potion            |       |       |     1 ||     1
 Armour: Scale mail        |   136 |       |       ||   136
         Plate armour      |    81 |   170 |   125 ||   376
  Dodge: Dodged            |    63 |    41 |    23 ||   127
  Block: Buckler           |    42 |    43 |    30 ||   115

Table legend: (Time is in decaauts)
 A = Elapsed time spent in this place.
 B = Non-inter-level travel time spent in this place.
 C = Inter-level travel time spent in this place.
 D = Time resting spent in this place.
 E = Time spent auto-exploring this place.
 F = Levels seen in this place.
 G = Mean time per level.
                   A        B        C        D        E       F      G
               +--------+--------+--------+--------+--------+-----+--------+
         Total |   5520 |   5390 |    130 |   1104 |   3325 |   7 |  788.6 |
       Dungeon |   5474 |   5365 |    109 |   1104 |   3325 |   6 |  912.3 |
        Temple |     45 |     25 |     20 |      0 |      0 |   1 |   45.0 |
               +--------+--------+--------+--------+--------+-----+--------+

Top non-repeatable levels by time:
     D:4: 1200 daAuts
     D:3: 966 daAuts
     D:5: 945 daAuts
     D:2: 845 daAuts
     D:1: 821 daAuts
     D:6: 695 daAuts
  Temple: 45 daAuts
